[Event "Titled Tuesday Blitz October 31 Late 2023"]
[White "Sipila, Vilka"]
[Black "Musovic, Armin"]
[WhiteFideId "505455"]
[BlackFideId "939935"]
[WhiteElo "2644"]
[BlackElo "2456"]
[Result "0-1"]
[Round "6"]
[TimeControl "180+1"]
[Date "2023.10.31"]
[WhiteClock "0:01:52"]
[BlackClock "0:02:36"]
[Board "71"]

1. e4 c6 2. d4 d5 3. e5 c5 4. Nf3 Nc6 5. dxc5 Bg4 6. c3 e6 7. Be3 Nge7 8. h3 Bh5 9. g4 Bg6 10. Nbd2 Qc7 11. Bd4 a6 12. b4 h5 13. Bg2 Bd3 14. Nf1 Be4 15. Qe2 Nxd4 16. cxd4 Nc6 17. Qe3 Nxb4 18. Rc1 Nd3+ 19. Kd1 Nxc1 20. Qxc1 hxg4 21. hxg4 Rxh1 22. Bxh1 b6 0-1


[Site "https://www.chess.com"]

[Event "Titled Tuesday Blitz October 31 Late 2023"]
[White "Ibadov, Dashgyn"]
[Black "Yeritsyan, Hayk"]
[WhiteFideId "24107514"]
[BlackFideId "13307320"]
[WhiteElo "2594"]
[BlackElo "2442"]
[Result "1-0"]
[Round "6"]
[TimeControl "180+1"]
[Date "2023.10.31"]
[WhiteClock "0:01:16"]
[BlackClock "0:01:24"]
[Board "72"]

1. e4 c6 2. d4 d5 3. exd5 cxd5 4. Bd3 Nf6 5. h3 Bd7 6. Nf3 Qc8 7. O-O Bf5 8. Bg5 Bxd3 9. Qxd3 Nbd7 10. Ne5 e6 11. Nd2 Be7 12. f4 O-O 13. Rae1 Re8 14. Kh2 Qc7 15. c3 b5 16. Kh1 b4 17. f5 bxc3 18. fxe6 Nxe5 19. dxe5 cxd2 20. exf7+ Kxf7 21. Qxd2 Bb4 22. Qxb4 Rxe5 23. Rxe5 Qxe5 24. Bxf6 gxf6 25. Qb7+ 1-0


[Site "https://www.chess.com"]

[Event "Titled Tuesday Blitz October 31 Late 2023"]
[White "Ordekalog"]
[Black "Abduzhaparov"]
[WhiteElo "2573"]
[BlackElo "2435"]
[Result "0-1"]
[Round "6"]
[TimeControl "180+1"]
[Date "2023.10.31"]
[WhiteClock "0:00:15"]
[BlackClock "0:00:16"]
[Board "73"]

1. e4 d6 2. d3 Nf6 3. f4 e5 4. Nf3 c6 5. g3 Be7 6. Bg2 O-O 7. O-O Nbd7 8. c3 Re8 9. f5 d5 10. Qe2 dxe4 11. dxe4 Nc5 12. Rd1 Qb6 13. Be3 Qc7 14. Nfd2 a5 15. Bf2 Rd8 16. Bxc5 Bxc5+ 17. Kh1 Qd6 18. Na3 Bxa3 19. Nc4 Qe7 20. Rxd8+ Qxd8 21. Rd1 Qe7 22. Nxa3 b5 23. Nc2 Ba6 24. Qd2 Kf8 25. Qd6 Qxd6 26. Rxd6 Rc8 27. b4 Ke7 28. Rd2 a4 29. h3 c5 30. g4 Bb7 31. Re2 cxb4 32. g5 Nh5 33. Rf2 Nf4 34. Nxb4 Nxg2 35. f6+ gxf6 36. gxf6+ Ke6 37. Kxg2 Bxe4+ 38. Kf1 Rxc3 39. h4 Rc1+ 40. Ke2 Rb1 41. Na6 Rb2+ 42. Ke3 Rxf2 43. Kxf2 Kxf6 44. Ke3 Bd5 45. a3 Kf5 46. Nc7 Bc4 47. Ne8 Kg4 48. Nf6+ Kxh4 49. Nxh7 f5 50. Nf8 b4 51. Ng6+ Kg5 52. Nxe5 bxa3 53. Nf3+ Kf6 54. Nd4 Bb3 0-1


[Site "https://www.chess.com"]

[Event "Titled Tuesday Blitz October 31 Late 2023"]
[White "Hajiyev, Kanan"]
[Black "Ankerst, Mihael"]
[WhiteFideId "13404148"]
[BlackFideId "14602369"]
[WhiteElo "2566"]
[BlackElo "2432"]
[Result "1-0"]
[Round "6"]
[TimeControl "180+1"]
[Date "2023.10.31"]
[WhiteClock "0:00:21"]
[BlackClock "0:00:00"]
[Board "74"]

1. d4 Nf6 2. Nf3 g6 3. c4 Bg7 4. g3 d6 5. Bg2 Bf5 6. O-O Qc8 7. Nc3 Bh3 8. b3 h5 9. e4 h4 10. e5 Bxg2 11. exf6 Bxf6 12. Kxg2 Nc6 13. Ne4 Bg7 14. Be3 Qg4 15. Nfg5 Qd7 16. d5 Ne5 17. Bd4 Qf5 18. Bxe5 Bxe5 19. Qf3 O-O 20. Rae1 Qd7 21. h3 Kg7 22. Qg4 e6 23. dxe6 Qe7 24. exf7 1-0


[Site "https://www.chess.com"]

[Event "Titled Tuesday Blitz October 31 Late 2023"]
[White "victormago"]
[Black "Sargsyan, Anna M."]
[BlackFideId "13308130"]
[WhiteElo "2430"]
[BlackElo "2551"]
[Result "1-0"]
[Round "6"]
[TimeControl "180+1"]
[Date "2023.10.31"]
[WhiteClock "0:00:05"]
[BlackClock "0:00:01"]
[Board "75"]

1. d4 d5 2. c4 c6 3. Nc3 Nf6 4. cxd5 cxd5 5. Bf4 Nc6 6. e3 Bf5 7. Qb3 Na5 8. Bb5+ Bd7 9. Qa4 Nc6 10. Nf3 e6 11. O-O Be7 12. Qd1 O-O 13. Rc1 Rc8 14. Qe2 a6 15. Bd3 Na5 16. Rc2 Nc4 17. Bxc4 Rxc4 18. Ne5 Rc8 19. Rfc1 Qa5 20. Nxd7 Nxd7 21. Nxd5 Qxd5 22. Rxc8 Qxa2 23. Rxf8+ Nxf8 24. h3 h6 25. Rc7 Ng6 26. Bg3 b5 27. Qc2 b4 28. Kh2 b3 29. Qc3 a5 30. Ra7 Bb4 31. Qc8+ Kh7 32. Rxf7 Qxb2 33. Qxe6 Qc2 34. h4 b2 35. h5 Nf8 36. Qg4 Ne6 37. Be5 Bf8 38. Qxe6 b1=Q 39. Rxf8 Qbb3 40. Qg4 Qb7 41. f4 Qce4 42. Rb8 Qf7 43. Rc8 Qef5 44. Qxf5+ Qxf5 45. Rc7 Qxh5+ 46. Kg3 Qg6+ 47. Kf3 a4 48. d5 a3 49. d6 a2 50. d7 Qh5+ 51. g4 Qh1+ 52. Kg3 Qg1+ 53. Kf3 Qd1+ 54. Ke4 Qh1+ 55. Kf5 Qb1+ 56. Ke6 Qb6+ 57. Ke7 Qb4+ 58. Ke8 Qb8+ 59. Rc8 Qxe5+ 60. fxe5 a1=Q 61. d8=Q Qxe5+ 62. Qe7 Qb5+ 63. Kf8 Qf1+ 64. Qf7 Qxf7+ 65. Kxf7 h5 66. gxh5 Kh6 67. Rc6+ Kg5 68. Kxg7 Kh4 69. h6 1-0


[Site "https://www.chess.com"]

[Event "Titled Tuesday Blitz October 31 Late 2023"]
[White "Likvidator228"]
[Black "Ramadoss, Ashokkumar"]
[BlackFideId "5040990"]
[WhiteElo "2542"]
[BlackElo "2387"]
[Result "1-0"]
[Round "6"]
[TimeControl "180+1"]
[Date "2023.10.31"]
[WhiteClock "0:01:10"]
[BlackClock "0:00:05"]
[Board "76"]

1. c4 Nf6 2. Nc3 g6 3. g3 Bg7 4. Bg2 O-O 5. Nf3 d6 6. O-O c5 7. b3 Nc6 8. Bb2 a6 9. d4 Bg4 10. d5 Nb8 11. Qc2 Bf5 12. Qc1 b5 13. cxb5 axb5 14. Nxb5 Na6 15. Nd2 Nb4 16. a3 Qb6 17. axb4 Qxb5 18. bxc5 Rxa1 19. Qxa1 dxc5 20. e4 Bc8 21. d6 Qd7 22. e5 Ne8 23. dxe7 Qxe7 24. Nc4 Be6 25. Nd6 Bxb3 26. Ne4 Be6 27. Nf6+ Kh8 28. Rc1 c4 29. h4 h5 30. Bd4 Nc7 31. Qa7 Rd8 32. Bc5 Ra8 33. Qxa8+ 1-0


[Site "https://www.chess.com"]

[Event "Titled Tuesday Blitz October 31 Late 2023"]
[White "JackRodgers"]
[Black "Colivet Gamboa, Julio Cesar"]
[BlackFideId "3949583"]
[WhiteElo "2524"]
[BlackElo "2381"]
[Result "1-0"]
[Round "6"]
[TimeControl "180+1"]
[Date "2023.10.31"]
[WhiteClock "0:01:51"]
[BlackClock "0:00:47"]
[Board "77"]

1. d4 Nf6 2. Bg5 c5 3. d5 d6 4. Bxf6 gxf6 5. e3 a6 6. a4 Bf5 7. Bd3 Bxd3 8. Qxd3 Nd7 9. Nf3 Qa5+ 10. c3 Ne5 11. Nxe5 fxe5 12. Nd2 O-O-O 13. Qf5+ e6 14. Qxf7 exd5 15. Qe6+ Kb8 16. Qxd5 Be7 17. Nc4 Qc7 18. a5 Rhg8 19. O-O-O Rdf8 20. g3 Rg4 21. f4 exf4 22. exf4 Rg6 23. Rhe1 Rgf6 24. Re6 Rxe6 25. Qxe6 Rd8 26. Qd5 Qd7 27. Re1 Bf6 28. Re6 Qg7 29. Rxd6 Re8 30. Rd7 Re1+ 31. Kc2 Re7 32. Qxb7# 1-0


[Site "https://www.chess.com"]

[Event "Titled Tuesday Blitz October 31 Late 2023"]
[White "Rose, Felix"]
[Black "Nilsen, Tobias Lang"]
[WhiteFideId "5105722"]
[BlackFideId "1521624"]
[WhiteElo "2352"]
[BlackElo "2523"]
[Result "1/2-1/2"]
[Round "6"]
[TimeControl "180+1"]
[Date "2023.10.31"]
[WhiteClock "0:00:32"]
[BlackClock "0:00:12"]
[Board "78"]

1. e4 e6 2. d4 d5 3. Nc3 Bb4 4. e5 Ne7 5. a3 Bxc3+ 6. bxc3 c5 7. Qg4 cxd4 8. Bd3 Qc7 9. Ne2 Nbc6 10. Bf4 dxc3 11. Qxg7 Rg8 12. Qxh7 Bd7 13. h4 O-O-O 14. g3 Nxe5 15. Bxe5 Qxe5 16. Qxf7 Nc6 17. Qf4 Qg7 18. h5 e5 19. Qa4 e4 20. Bb5 Kb8 21. h6 Qh7 22. Rb1 Ne5 23. Nxc3 e3 24. fxe3 Rxg3 25. Qf4 Rgg8 26. Qxe5+ Ka8 27. Bxd7 Rxd7 28. Nxd5 Rgd8 29. Nf6 Qxc2 30. O-O Rd2 31. Qe4 Qc7 32. Qxb7+ Qxb7 33. Rxb7 Kxb7 34. h7 R2d6 35. e4 Re6 36. Rf4 Rh8 37. Kf2 Kc7 38. Kf3 Kd6 39. Kg4 Ke7 40. Kg5 Re5+ 41. Kg6 Re6 42. Kg7 Rxf6 43. Rxf6 Rxh7+ 44. Kxh7 Kxf6 45. Kg8 a5 46. a4 Ke5 47. Kf7 Kxe4 48. Kf6 Kd4 49. Kf5 Kc4 50. Ke4 Kb4 51. Kd3 Kxa4 52. Kc2 Ka3 53. Kb1 Kb3 54. Ka1 a4 55. Kb1 a3 56. Ka1 a2 1/2-1/2


[Site "https://www.chess.com"]

[Event "Titled Tuesday Blitz October 31 Late 2023"]
[White "Estrada Nieto, Julian"]
[Black "Lalanne, Pablo"]
[WhiteFideId "5101018"]
[BlackFideId "112151"]
[WhiteElo "2512"]
[BlackElo "2339"]
[Result "0-1"]
[Round "6"]
[TimeControl "180+1"]
[Date "2023.10.31"]
[WhiteClock "0:00:13"]
[BlackClock "0:00:15"]
[Board "79"]

1. e4 c5 2. Nf3 d6 3. Bb5+ Bd7 4. Bxd7+ Qxd7 5. O-O Nf6 6. Qe2 Nc6 7. c3 e6 8. d4 cxd4 9. cxd4 d5 10. e5 Ne4 11. Nbd2 Nxd2 12. Bxd2 Bb4 13. Rac1 Bxd2 14. Qxd2 O-O 15. b4 a6 16. Rc2 Rac8 17. Rfc1 Ne7 18. h4 Rxc2 19. Rxc2 Rc8 20. g4 Rc6 21. h5 h6 22. Kg2 Qc7 23. Rxc6 Qxc6 24. Ne1 Qc4 25. a3 Nc6 26. Nc2 Qb3 27. Ne3 Qxa3 28. g5 hxg5 29. Ng4 Qxb4 30. Qxg5 Qxd4 31. h6 Qe4+ 32. f3 Qg6 33. h7+ Kxh7 34. Qc1 Nxe5 35. Qh1+ Kg8 36. Qh4 Nxg4 37. fxg4 f5 38. Qd8+ Kh7 39. g5 Qh5 40. Qe7 Kg6 41. Qxe6+ Kxg5 42. Qe5 Qg4+ 43. Kh1 Qe4+ 0-1


[Site "https://www.chess.com"]

[Event "Titled Tuesday Blitz October 31 Late 2023"]
[White "Reprintsev, Alexander"]
[Black "Fernandez Siles, Luis"]
[WhiteFideId "14100541"]
[BlackFideId "2209420"]
[WhiteElo "2509"]
[BlackElo "2322"]
[Result "1-0"]
[Round "6"]
[TimeControl "180+1"]
[Date "2023.10.31"]
[WhiteClock "0:00:51"]
[BlackClock "0:00:13"]
[Board "80"]

1. e4 c5 2. b3 Nc6 3. Bb2 d6 4. Bb5 Bd7 5. Ne2 Nf6 6. Ng3 g6 7. c4 Bg7 8. Nc3 O-O 9. O-O h5 10. Re1 Nd4 11. Bxd7 Qxd7 12. Nce2 h4 13. Nf1 h3 14. Nxd4 hxg2 15. Kxg2 cxd4 16. Bxd4 Nh5 17. Bxg7 Nf4+ 18. Kf3 Qh3+ 19. Ng3 Kxg7 20. Kxf4 Qxh2 21. Ke3 f5 22. exf5 gxf5 23. Kd3 e5 24. Kc2 f4 25. Ne4 d5 26. Rg1+ Kh6 27. Qg4 1-0


[Site "https://www.chess.com"]

[Event "Titled Tuesday Blitz October 31 Late 2023"]
[White "Hambleton, Aman"]
[Black "hristos03"]
[WhiteFideId "2606577"]
[WhiteElo "2774"]
[BlackElo "2422"]
[Result "0-1"]
[Round "6"]
[TimeControl "180+1"]
[Date "2023.10.31"]
[WhiteClock "0:00:00"]
[BlackClock "0:00:04"]
[Board "81"]

1. d4 Nf6 2. Bf4 e6 3. e3 c5 4. c3 Qb6 5. Qb3 Be7 6. Nd2 O-O 7. h3 d5 8. Ngf3 Nc6 9. Be2 h6 10. O-O c4 11. Qxb6 axb6 12. a3 b5 13. Ne5 Nd7 14. Nxd7 Bxd7 15. e4 Rfe8 16. Bf3 dxe4 17. Nxe4 Na5 18. Nd6 Bxd6 19. Bxd6 Bc6 20. Be2 Nb3 21. Rad1 Bd5 22. f3 Ra6 23. Bf4 Kh7 24. Rde1 Raa8 25. Bd1 Na5 26. Bc2+ g6 27. Kf2 Nc6 28. h4 h5 29. g4 hxg4 30. fxg4 Kg7 31. Kg3 f6 32. Rf2 Rh8 33. g5 f5 34. Be5+ Nxe5 35. Rxe5 Kf7 36. Bd1 Ke7 37. Rf1 Kd6 38. Rfe1 Rae8 39. Be2 Rhf8 40. Bd1 Rf7 41. R1e2 Rh7 42. Rf2 Rf8 43. Rf4 Re8 44. Re1 Rhe7 45. Re5 Rh7 46. Bf3 Bc6 0-1


[Site "https://www.chess.com"]

[Event "Titled Tuesday Blitz October 31 Late 2023"]
[White "Friedland, Moshe"]
[Black "Blanco Ronquillo, Humberto L."]
[WhiteFideId "2812843"]
[BlackFideId "3504239"]
[WhiteElo "2421"]
[BlackElo "2716"]
[Result "0-1"]
[Round "6"]
[TimeControl "180+1"]
[Date "2023.10.31"]
[WhiteClock "0:00:00"]
[BlackClock "0:00:15"]
[Board "82"]

1. a3 e5 2. c4 Nf6 3. d3 c6 4. Nf3 Bd6 5. Bg5 h6 6. Bh4 Bc7 7. Nc3 g5 8. Bg3 d6 9. e3 Bf5 10. d4 Qe7 11. Be2 Nbd7 12. O-O O-O 13. c5 dxc5 14. dxe5 Nxe5 15. Nxe5 Bxe5 16. Bxe5 Qxe5 17. Qb3 b6 18. Bf3 Bd3 19. Rfd1 c4 20. Qa4 b5 21. Qa6 Rab8 22. Qxa7 Rfd8 23. Bxc6 Ng4 24. g3 Qf6 25. f3 Nxh2 26. Kxh2 Qxc6 27. e4 b4 28. axb4 Rxb4 29. Qe7 Rxb2+ 30. Kg1 Qb6+ 31. Kh1 Rb8 32. Ra7 Rf8 33. Nd5 Qf2 34. Nf6+ Kg7 35. Ne8+ Kh7 36. Nf6+ Kg6 37. Qxf7+ Rxf7 0-1


[Site "https://www.chess.com"]

[Event "Titled Tuesday Blitz October 31 Late 2023"]
[White "Devagharan, Devina"]
[Black "Souleidis, Georgios"]
[WhiteFideId "2061600"]
[BlackFideId "4206827"]
[WhiteElo "2420"]
[BlackElo "2595"]
[Result "1-0"]
[Round "6"]
[TimeControl "180+1"]
[Date "2023.10.31"]
[WhiteClock "0:00:03"]
[BlackClock "0:00:00"]
[Board "83"]

1. d4 Nf6 2. c4 g6 3. Nc3 Bg7 4. e4 d6 5. f4 O-O 6. Nf3 c5 7. d5 e6 8. Be2 exd5 9. cxd5 Bg4 10. O-O a6 11. a4 Ne8 12. h3 Bxf3 13. Bxf3 Nd7 14. Be3 Rb8 15. a5 Nc7 16. Qc2 Nb5 17. Nxb5 axb5 18. Bg4 Re8 19. Bf2 c4 20. a6 bxa6 21. Rxa6 Nc5 22. Bxc5 dxc5 23. Bf3 Bd4+ 24. Kh1 Qh4 25. Qd2 b4 26. e5 c3 27. Qe1 Qxf4 28. e6 fxe6 29. Bg4 Qe5 30. Bxe6+ Kh8 31. Qh4 Rf8 32. Re1 Qf6 33. Qh6 Qg7 34. Qg5 cxb2 35. d6 Rbd8 36. Rc6 b3 37. Rc7 Qf6 38. Qh6 Qf1+ 39. Rxf1 Rxf1+ 40. Kh2 Be5+ 41. g3 Rf2+ 42. Kg1 b1=Q+ 43. Kxf2 Qf5+ 44. Bxf5 Bd4+ 45. Ke2 1-0


[Site "https://www.chess.com"]

[Event "Titled Tuesday Blitz October 31 Late 2023"]
[White "Polaczek, Richard"]
[Black "Colbow, Collin"]
[WhiteFideId "200026"]
[BlackFideId "16201132"]
[WhiteElo "2418"]
[BlackElo "2588"]
[Result "1-0"]
[Round "6"]
[TimeControl "180+1"]
[Date "2023.10.31"]
[WhiteClock "0:00:48"]
[BlackClock "0:00:06"]
[Board "84"]

1. d4 Nf6 2. Bg5 g6 3. Bxf6 exf6 4. c4 Bg7 5. Nc3 O-O 6. e3 f5 7. g3 d6 8. Bg2 Re8 9. Nge2 Nd7 10. O-O Nf6 11. Qd3 c6 12. b4 Rb8 13. a4 Qe7 14. b5 Bd7 15. a5 Ne4 16. a6 b6 17. bxc6 Bxc6 18. Nf4 Qd7 19. Nfd5 b5 20. cxb5 Bxd5 21. Nxd5 Rec8 22. b6 Rc6 23. bxa7 Qxa7 24. Bxe4 fxe4 25. Qxe4 Rxa6 26. Rab1 Rf8 27. Rb7 Qa8 28. Nc7 f5 29. Qd5+ 1-0


[Site "https://www.chess.com"]

[Event "Titled Tuesday Blitz October 31 Late 2023"]
[White "Gabdushev, Ruslan"]
[Black "NelsonLinda"]
[WhiteFideId "4137833"]
[WhiteElo "2419"]
[BlackElo "2580"]
[Result "0-1"]
[Round "6"]
[TimeControl "180+1"]
[Date "2023.10.31"]
[WhiteClock "0:00:00"]
[BlackClock "0:00:05"]
[Board "85"]

1. b3 e5 2. Bb2 Nc6 3. e3 Nf6 4. Bb5 Bd6 5. Na3 a6 6. Bxc6 dxc6 7. Nc4 Qe7 8. a4 O-O 9. Ne2 e4 10. Ng3 Re8 11. O-O Nd5 12. Qh5 Nf6 13. Qh4 Ng4 14. Qxe7 Rxe7 15. a5 Nh6 16. Ra4 Bc5 17. Na3 f5 18. Bd4 Bd6 19. Nc4 Be6 20. Bb2 Nf7 21. Nh5 Bxc4 22. bxc4 Be5 23. Rb1 Bxb2 24. Rxb2 Nd8 25. d4 Kf7 26. Nf4 g6 27. h4 Rd7 28. Rab4 Rb8 29. Ne2 Rc8 30. Nc3 c5 31. dxc5 c6 32. Na4 Rd1+ 33. Kh2 Rc7 34. Kg3 Ra1 0-1


[Site "https://www.chess.com"]

[Event "Titled Tuesday Blitz October 31 Late 2023"]
[White "Tifferet, Shaked"]
[Black "Spichkin, Alexander"]
[WhiteFideId "2811529"]
[BlackFideId "4144074"]
[WhiteElo "2573"]
[BlackElo "2416"]
[Result "0-1"]
[Round "6"]
[TimeControl "180+1"]
[Date "2023.10.31"]
[WhiteClock "0:00:35"]
[BlackClock "0:00:25"]
[Board "86"]

1. a3 f5 2. b4 Nf6 3. Bb2 e6 4. e3 b6 5. Be2 Bb7 6. Bf3 Nc6 7. Ne2 Bd6 8. d4 O-O 9. c4 Ne4 10. Nd2 Nxd2 11. Qxd2 Qh4 12. c5 Be7 13. Nf4 Qh6 14. h4 Bf6 15. O-O-O Rad8 16. Nh5 Be7 17. Rh3 Na5 18. d5 Nb3+ 19. Kc2 Nxd2 20. Bxg7 Nxf3 21. Bxh6 Ne5 22. Rg3+ Ng6 23. Bxf8 Kxf8 24. dxe6 dxe6 25. Rxd8+ Bxd8 26. Nf4 Nxf4 27. exf4 Be4+ 28. Kb3 bxc5 29. bxc5 Be7 30. Kb4 a5+ 31. Kxa5 Bxc5 32. f3 Bd5 33. a4 Bf2 34. Rh3 c5 35. Rh1 Be3 36. Kb5 c4 37. a5 c3 38. a6 c2 39. a7 Kg7 40. h5 Kh6 41. g4 Bxf4 42. gxf5 exf5 43. Kc5 Bxf3 44. Rf1 c1=Q+ 45. Rxc1 Bxc1 46. Kd4 Kg5 47. Ke5 Ba8 48. Ke6 f4 49. Ke5 f3 50. Kd4 f2 51. Kd3 f1=Q+ 52. Kc2 Bf4 53. h6 Qc4+ 54. Kd1 Bf3+ 55. Ke1 Qe2# 0-1


[Site "https://www.chess.com"]

[Event "Titled Tuesday Blitz October 31 Late 2023"]
[White "Mushini Ajay"]
[Black "Hoang, Thi Bao Tram"]
[WhiteFideId "35066188"]
[BlackFideId "12401102"]
[WhiteElo "2414"]
[BlackElo "2545"]
[Result "0-1"]
[Round "6"]
[TimeControl "180+1"]
[Date "2023.10.31"]
[WhiteClock "0:00:00"]
[BlackClock "0:00:51"]
[Board "87"]

1. d4 d5 2. Bf4 Nf6 3. Nc3 c6 4. Qd2 Nbd7 5. O-O-O Nb6 6. e3 Bf5 7. Kb1 e6 8. f3 h6 9. g4 Bg6 10. h4 Bb4 11. h5 Bh7 12. a3 Be7 13. Bd3 Bxd3 14. cxd3 Nfd7 15. Nge2 c5 16. Nb5 O-O 17. Bc7 Qc8 18. Bf4 c4 19. e4 a6 20. Nc7 Ra7 21. exd5 exd5 22. Nc3 Nf6 23. dxc4 Nxc4 24. Qc1 b5 25. N7xd5 Nxd5 26. Nxd5 Bd8 27. Bxh6 Qe6 28. Bxg7 Kxg7 29. Nc3 Rc7 30. d5 Qd6 31. g5 b4 32. g6 fxg6 33. hxg6 Qf4 34. Rh7+ Kxg6 35. Qc2+ Qf5 36. Ne4 Nxa3+ 37. bxa3 Rxc2 38. Kxc2 Kxh7 39. Rh1+ Kg6 40. Rg1+ Kf7 41. Rg2 Qxd5 42. Nc3 bxc3 0-1


[Site "https://www.chess.com"]

[Event "Titled Tuesday Blitz October 31 Late 2023"]
[White "el_sporco"]
[Black "Deeper44"]
[WhiteElo "2413"]
[BlackElo "2527"]
[Result "0-1"]
[Round "6"]
[TimeControl "180+1"]
[Date "2023.10.31"]
[WhiteClock "0:01:18"]
[BlackClock "0:00:10"]
[Board "88"]

1. e4 e6 2. d4 d5 3. Nc3 Nf6 4. e5 Nfd7 5. f4 c5 6. Nf3 Nc6 7. Be3 Be7 8. Qd2 a6 9. O-O-O c4 10. f5 b5 11. fxe6 fxe6 12. Ng5 Nb6 13. h4 b4 14. Nb1 Na4 15. b3 Nc3 16. Nxc3 bxc3 17. Qf2 Rf8 18. Qg3 Qa5 19. Kb1 Nb4 20. a4 cxb3 21. cxb3 c2+ 22. Kc1 Na2+ 23. Kxc2 Qc3+ 24. Kb1 Qxb3+ 25. Ka1 Nc3 26. Bc4 Qa3+ 27. Ba2 Qxa2# 0-1


[Site "https://www.chess.com"]

[Event "Titled Tuesday Blitz October 31 Late 2023"]
[White "Avazkhonov, Alikhon"]
[Black "Kovalevsky, Stanislav"]
[WhiteFideId "14208504"]
[BlackFideId "13508598"]
[WhiteElo "2522"]
[BlackElo "2412"]
[Result "1-0"]
[Round "6"]
[TimeControl "180+1"]
[Date "2023.10.31"]
[WhiteClock "0:00:52"]
[BlackClock "0:01:11"]
[Board "89"]

1. d4 d5 2. c4 c6 3. Nc3 Nf6 4. Nf3 e6 5. Bg5 h6 6. Bh4 dxc4 7. e4 g5 8. Bg3 b5 9. h4 g4 10. Ne5 h5 11. Be2 Bb4 12. Qc2 Qxd4 13. O-O Bxc3 14. bxc3 Qxe4 15. Qd2 Nbd7 16. f3 Qd5 17. Qe3 Qc5 18. Qxc5 Nxc5 19. fxg4 hxg4 20. Rxf6 Ne4 21. Nxf7 Nxg3 22. Nxh8 Nxe2+ 23. Kf2 Nxc3 24. Re1 Bd7 25. Ng6 O-O-O 26. h5 Nxa2 27. h6 c3 28. h7 c2 29. Rf8 Nc3 30. Rxd8+ Kc7 31. h8=Q Nd1+ 32. Ke2 c1=Q 33. Rxd1 Qc2+ 34. Ke1 Qxg6 35. R1xd7+ Kb6 36. Qd4+ c5 37. Rb8+ Ka5 38. Qa1+ Kb4 39. Qb2+ Kc4 40. Qxb5+ Kc3 41. Qb3# 1-0


[Site "https://www.chess.com"]

[Event "Titled Tuesday Blitz October 31 Late 2023"]
[White "Osmak, Yuliia"]
[Black "Hoffmann, Asa"]
[WhiteFideId "14101602"]
[BlackFideId "2001470"]
[WhiteElo "2519"]
[BlackElo "2411"]
[Result "1-0"]
[Round "6"]
[TimeControl "180+1"]
[Date "2023.10.31"]
[WhiteClock "0:01:46"]
[BlackClock "0:02:09"]
[Board "90"]

1. e4 d6 2. d4 Nf6 3. Nc3 c6 4. f4 Qa5 5. Bd3 e5 6. Nf3 exd4 7. Nxd4 Qb6 8. Nf3 Be7 9. Qe2 O-O 10. b3 d5 11. Be3 Qa6 12. Bxa6 1-0


[Site "https://www.chess.com"]

[Event "Titled Tuesday Blitz October 31 Late 2023"]
[White "Toncheva, Nadya"]
[Black "Lopez Idarraga, Daniel Eduardo"]
[WhiteFideId "2924056"]
[BlackFideId "4405501"]
[WhiteElo "2517"]
[BlackElo "2407"]
[Result "1-0"]
[Round "6"]
[TimeControl "180+1"]
[Date "2023.10.31"]
[WhiteClock "0:00:07"]
[BlackClock "0:00:46"]
[Board "91"]

1. e4 c5 2. c3 e6 3. d4 d5 4. exd5 exd5 5. Nf3 Nf6 6. Bb5+ Nc6 7. Qe2+ Be6 8. O-O a6 9. Ba4 b5 10. Bc2 cxd4 11. cxd4 Be7 12. a4 b4 13. Nbd2 O-O 14. Nb3 Na5 15. Bf4 Nc4 16. Ng5 Bg4 17. Qd3 Nxb2 18. Qg3 Bh5 19. Rfe1 Bg6 20. Bxg6 hxg6 21. Nc5 Nh5 22. Qh4 Bxc5 23. dxc5 Nd3 24. g4 Nxe1 25. Rxe1 Re8 26. Rxe8+ Qxe8 27. gxh5 Qe1+ 28. Kg2 Qb1 29. h6 Qd1 30. h7+ Kf8 31. h8=Q+ Ke7 32. Qxg7 1-0


[Site "https://www.chess.com"]

[Event "Titled Tuesday Blitz October 31 Late 2023"]
[White "subham777"]
[Black "Gerbelli Neto, Eduardo"]
[BlackFideId "2103281"]
[WhiteElo "2509"]
[BlackElo "2394"]
[Result "0-1"]
[Round "6"]
[TimeControl "180+1"]
[Date "2023.10.31"]
[WhiteClock "0:00:00"]
[BlackClock "0:00:32"]
[Board "92"]

1. e4 e5 2. Nf3 Nc6 3. Bc4 Nf6 4. d3 Bc5 5. c3 d6 6. Nbd2 a5 7. Nf1 O-O 8. Ng3 a4 9. Bg5 h6 10. Bh4 Be6 11. Bb5 a3 12. b4 Bb6 13. Qd2 d5 14. Nh5 Kh7 15. Bxc6 bxc6 16. Nxe5 dxe4 17. d4 g5 18. Nxc6 Nxh5 19. Nxd8 Raxd8 20. Bg3 Bc4 21. O-O-O f5 22. Be5 Rfe8 23. Qc2 Ng7 24. Bxg7 Kxg7 25. Rhe1 Bd3 26. Qb3 c6 27. Qxa3 Ra8 28. Qb3 Bc7 29. Rxd3 exd3 30. Rxe8 Rxe8 31. Qc4 Bf4+ 32. Kd1 d2 33. Qf1 Re1+ 34. Qxe1 dxe1=Q+ 35. Kxe1 Kf6 36. Ke2 Ke6 37. a4 Bc7 38. h3 h5 39. Kd3 g4 0-1


[Site "https://www.chess.com"]

[Event "Titled Tuesday Blitz October 31 Late 2023"]
[White "nicholas_ilic"]
[Black "Bazilius, Augustinas"]
[BlackFideId "12832251"]
[WhiteElo "2393"]
[BlackElo "2508"]
[Result "0-1"]
[Round "6"]
[TimeControl "180+1"]
[Date "2023.10.31"]
[WhiteClock "0:00:02"]
[BlackClock "0:00:07"]
[Board "93"]

1. e4 c5 2. b4 cxb4 3. a3 e6 4. axb4 Bxb4 5. c3 Be7 6. d4 d5 7. e5 Bd7 8. Bd3 b5 9. Ne2 a5 10. O-O Nc6 11. Bxb5 Nxe5 12. Qa4 Nc4 13. Na3 Nb6 14. Qb3 Nf6 15. Bf4 O-O 16. Bxd7 Nfxd7 17. Nb5 a4 18. Qc2 Nc4 19. Rxa4 Ndb6 20. Rxa8 Qxa8 21. h3 Rc8 22. Rb1 Qa4 23. Qxa4 Nxa4 24. Na7 Ra8 25. Nc6 Bf8 26. Rb7 Nab2 27. Ne7+ Bxe7 28. Rxe7 h6 29. Bg3 Nd1 30. Kh2 Ra3 31. Re8+ Kh7 32. Rf8 Ra7 33. h4 g6 34. h5 gxh5 35. Nf4 Nxc3 36. Nxh5 Ne2 37. Bh4 f5 38. Rf6 Nxd4 39. Nf4 Ne5 40. Nxe6 Ng4+ 41. Kh3 Nxf6 42. Nxd4 Kg6 43. Nf3 Ra3 44. Kh2 Ng4+ 45. Kg3 d4 46. Kf4 d3 47. Nd2 Ra2 48. Nc4 d2 49. Nxd2 Rxd2 50. Kg3 Rd3+ 51. f3 Nf6 52. Kh3 Nh5 53. Kh2 Rd2 54. Bg3 Rc2 55. Be5 f4 56. Bd6 Kf5 57. Bb8 Ng3 58. Bd6 Rc1 59. Bxf4 Kxf4 60. Kh3 Rh1# 0-1


[Site "https://www.chess.com"]

[Event "Titled Tuesday Blitz October 31 Late 2023"]
[White "Tikhonov, Viacheslav"]
[Black "Kazakov, Mikhail"]
[WhiteFideId "44196407"]
[BlackFideId "14102749"]
[WhiteElo "2505"]
[BlackElo "2383"]
[Result "1-0"]
[Round "6"]
[TimeControl "180+1"]
[Date "2023.10.31"]
[WhiteClock "0:00:08"]
[BlackClock "0:00:06"]
[Board "94"]

1. e4 e5 2. Nf3 Nc6 3. Bc4 Bc5 4. O-O d6 5. d3 h6 6. c3 Nf6 7. b4 Bb6 8. a4 a5 9. b5 Ne7 10. Be3 O-O 11. Nbd2 Ng6 12. Re1 c6 13. bxc6 bxc6 14. Rb1 Bxe3 15. fxe3 d5 16. exd5 cxd5 17. Bb5 Bd7 18. Qe2 Re8 19. c4 dxc4 20. dxc4 Bxb5 21. axb5 a4 22. c5 Nd5 23. Qc4 a3 24. Ne4 a2 25. Ra1 Ra3 26. Nd6 Nge7 27. e4 Rc3 28. Qxa2 Rxc5 29. Nxe8 Nf4 30. Qa8 Rc8 31. Qb7 Qxe8 32. Nxe5 f6 33. Nc6 Nxc6 34. bxc6 Rb8 35. Qd7 Qg6 36. Ra2 Kh7 37. c7 Ra8 38. Rd2 Nh3+ 39. Qxh3 Qg5 40. Qe3 Qxe3+ 41. Rxe3 Rc8 42. Rc3 Kg6 43. Rd8 Kf7 44. Rxc8 Ke6 45. Rg8 Ke5 46. c8=Q Kd4 47. Rd8+ Ke5 48. Qf5# 1-0


[Site "https://www.chess.com"]